 Dungeon Crawl Stone Soup version 0.23.2-40-g277498a001 (webtiles) character file.

Game seed: 3357083292007098392

583 Frank2 the Chopper (level 6, -1/52 HPs)
             Began as a Demigod Fighter on Aug 27, 2019.
             Slain by an iguana (9 damage)
             ... on level 5 of the Dungeon.
             The game lasted 00:04:35 (3649 turns).

Frank2 the Chopper (Demigod Fighter)                Turns: 3649, Time: 00:04:35

Health: -1/52      AC:  7    Str: 19    XL:     6   Next: 90%
Magic:  8/8        EV:  8    Int: 12    God:
Gold:   219        SH: 11    Dex: 19    Spells: 5/5 levels left

rFire    . . .     SeeInvis .   a - +1 war axe
rCold    . . .     Gourm    .   c - +1 shield
rNeg     . . .     Faith    .   b - +0 scale mail
rPois    .         Spirit   .   (no helmet)
rElec    .         Reflect  .   (no cloak)
rCorr    +         Harm     .   (no gloves)
MR       .....                  (no boots)
Stlth    ..........             (no amulet)
HPRegen  0.17/turn              h - ring of resist corrosion
MPRegen  0.11/turn              (no ring)

@: no status effects
A: high mp 1
a: no special abilities


You were on level 5 of the Dungeon.
You were not hungry.

You visited 1 branch of the dungeon, and saw 5 of its levels.

You collected 219 gold pieces.

Inventory:

Hand Weapons
 a - a +1 war axe (weapon)
Armour
 b - a +0 scale mail (worn)
 c - a +1 shield (worn)
Jewellery
 h - a ring of resist corrosion (left hand)
 m - an uncursed ring of poison resistance {unknown}
 p - an uncursed amulet of guardian spirit {unknown}
Scrolls
 g - 2 scrolls of remove curse
 l - 2 scrolls of magic mapping
 o - a scroll of identify
 q - a scroll of fog
Potions
 d - 2 potions of might
 e - a potion of heal wounds {unknown}
 i - a potion of haste {unknown}
 j - a potion of curing {unknown}
 k - a potion of agility {unknown}
 n - a potion of degeneration {unknown}
Comestibles
 f - 6 rations


   Skills:
 + Level 3.8 Fighting
 + Level 4.8 Axes
 + Level 3.8 Armour
 + Level 1.5 Dodging
 + Level 4.0 Shields


You had 5 spell levels left.
You didn't know any spells.
Your spell library was empty.

Dungeon Overview and Level Annotations

Branches:
Dungeon (5/15)
 Temple: D:4-7

Shops:
D:4 (


Innate Abilities, Weirdness & Mutations

You have an increased reservoir of magic. (+10% MP)


Message History

The iguana is moderately wounded.
You slash the centaur!
You kill the centaur!
Your Shields skill increases to level 4!
The iguana bites you. The iguana barely misses you.
You hit the iguana but do no damage.
The iguana is lightly wounded.
You block the iguana's attack.
You closely miss the iguana.
The iguana is lightly wounded.
The iguana bites you.
You hit the iguana.
The iguana is moderately wounded.
The iguana bites you!
* * * LOW HITPOINT WARNING * * *
You block the iguana's attack.
You slash the iguana!
The iguana is almost dead.
The iguana bites you!
You die...

###### .#
#######...l#...#
#......((@)...#
##.#.#.#.#.##.##
#.............#
#..#†#.#.#..###
#...........#
#..#.#.#.#..#
#..........##
#..#.#.#.#.#
#######...)......#


You could see an iguana.

Vanquished Creatures
  A phantom (D:4)
  A centaur (D:5)
  A bullfrog (D:4)
  A hound (D:4)
  A bullfrog skeleton (D:4)
  Terence (D:2)
  Natasha (thrice) (D:3)
  2 worker ants (D:4)
  5 adders
  An ooze (D:4)
  3 dart slugs
  A worm (D:4)
  2 leopard geckos
  4 orcs (D:3)
  9 bats
  7 giant cockroaches
  5 goblins
  8 hobgoblins
  7 jackals
  A quokka (D:5)
  3 ball pythons
  6 frilled lizards
  A jackal skeleton (D:4)
  7 kobolds
  11 rats
92 creatures vanquished.

Notes
Turn   | Place    | Note
-------+----------+-------------------------------------------
     0 | D:1      | Frank2 the Demigod Fighter began the quest for the Orb.
     0 | D:1      | Reached XP level 1. HP: 18/18 MP: 3/3
   116 | D:1      | Reached XP level 2. HP: 16/25 MP: 4/4
  1057 | D:2      | Noticed Terence
  1070 | D:2      | Killed Terence
  1070 | D:2      | Reached XP level 3. HP: 14/31 MP: 5/5
  1404 | D:2      | Reached XP level 4. HP: 25/38 MP: 6/6
  1877 | D:2      | Found a faded altar of an unknown god.
  2088 | D:3      | Noticed Natasha
  2092 | D:3      | Killed Natasha
  2160 | D:3      | Noticed Natasha
  2185 | D:3      | Killed Natasha
  2185 | D:3      | Reached XP level 5. HP: 24/45 MP: 7/7
  2594 | D:3      | Found a deep blue altar of Sif Muna.
  2601 | D:3      | Noticed Natasha
  2610 | D:3      | Killed Natasha
  3004 | D:4      | Reached skill level 1 in Dodging
  3055 | D:4      | Reached XP level 6. HP: 39/51 MP: 8/8
  3408 | D:4      | Found Goapour's Weapon Emporium.
  3551 | D:5      | Entered Level 5 of the Dungeon
  3649 | D:5      | Slain by an iguana

Skill      XL: |  1  2  3  4  5  6 |
---------------+-------------------+-----
Axes           | 2 3 4 |  4.8
Shields        | 3 4 |  4.0
Fighting       | 3 |  3.8
Armour         | 3 |  3.8
Dodging        | 1 |  1.5

Action                   |  1- 3 |  4- 6 || total
-------------------------+-------+-------++-------
Melee: War axe           |   122 |   175 ||   297
  Use: Scroll            |     2 |     5 ||     7
  Eat: Chunk             |     1 |     8 ||     9
Armor: Scale mail        |    63 |    82 ||   145
Dodge: Dodged            |    37 |    51 ||    88
Block: Shield            |    83 |    92 ||   175
